 Dungeon Crawl Stone Soup version 0.31-a0-237-g2d982f9f85 (webtiles) character file.

Game seed: 2775647601248419369

120 qw the Shooter (level 5, 0/30 HPs)
             Began as a Gargoyle Hexslinger on July 11, 2023.
             Slain by an adder (3 damage)
             ... on level 2 of the Dungeon.
             The game lasted 00:00:51 (1366 turns).

qw the Shooter (Gargoyle Hexslinger)                Turns: 1366, Time: 00:00:51

Health: 0/30       AC:  9    Str: 12    XL:     5   Next: 4%
Magic:  6/6        EV: 12    Int: 13    God:
Gold:   136        SH:  0    Dex: 14    Spells: 5/6 levels left

rFire   . . .        Y - +1 sling
rCold   . . .        (no shield)
rNeg    + . .        c - +0 robe
rPois   inf          (no helmet)
rElec   +            (no cloak)
rCorr   .            (no gloves)
SInv    .            a - +2 pair of boots
Will    .....        f - amulet of faith
Stlth   +            (no ring)
HPRegen 0.25/turn    (no ring)
MPRegen 0.10/turn

%: faith
@: no status effects
A: sickness immunity, AC +4, negative energy resistance 1, electricity
resistance, torment resistance 1, petrification resistance
a: no special abilities


You were on level 2 of the Dungeon.
You visited 1 branch of the dungeon, and saw 3 of its levels.

You collected 136 gold pieces.


Innate Abilities, Weirdness & Mutations

You are immune to sickness and miasma.
Your stone body is resilient. (AC +4)
You are immune to poison.
You resist negative energy. (rN+)
You are resistant to electric shocks. (rElec)
You are resistant to unholy torment.
You are immune to petrification.


   Skills:
 - Level 2.0 Fighting
 + Level 4.8 Ranged Weapons
 - Level 1.5 Dodging
 - Level 1.0 Spellcasting
 - Level 2.6 Hexes


You had 5 spell levels left.
You knew the following spells:

 Your Spells              Type           Power      Damage    Failure   Level
a - Slow                  Hex            28%        N/A       10%         1

Your spell library contained the following spells:

 Spells                   Type           Power      Damage    Failure   Level
 Inner Flame              Hex/Fire       4%         N/A       43%         3
 Portal Projectile        Hex/Tloc       8%         N/A       43%         3
 Cause Fear               Hex            3%         N/A       67%         4

Inventory:

Hand Weapons
 Y - a +1 sling (weapon)
Armour
 a - a +2 pair of boots (worn)
 c - a +0 robe (worn)
Jewellery
 d - the amulet "Zonuler" {Acrobat Harm Rampage rC++ Str-3}
   (You acquired it on level 2 of the Dungeon)

   [amulet of the acrobat]

   It increases your evasion while moving and waiting.
   Str:       It affects your strength (-3).
   rC:        It greatly protects you from cold.
   Harm:      It increases damage dealt and taken.
   Rampage:   It bestows one free step when moving towards enemies.
 f - an amulet of faith (around neck)
Potions
 h - a potion of berserk rage {unknown}

Dungeon Overview and Level Annotations

Branches:
Dungeon (3/15)

Altars:


Message History

The sling bullet closely misses the orc priest.
The adder barely misses you. x2; The orc priest misses you.
You shoot a sling bullet.
The sling bullet closely misses the orc priest.
The adder bites you. The orc priest barely misses you.
You shoot a sling bullet.
The sling bullet hits the orc priest but does no damage.
The adder bites you but does no damage.
The orc priest hits you but does no damage.
The adder completely misses you.
You shoot a sling bullet.
The sling bullet hits the orc priest but does no damage.
The adder misses you.
The orc priest hits you but does no damage.
You shoot a sling bullet.
The sling bullet closely misses the orc priest.
The adder barely misses you. The orc priest hits you with a +0 whip.
The adder barely misses you.
You shoot a sling bullet. The sling bullet hits the orc priest!
The orc priest is severely wounded.
The orc priest barely misses you. The adder bites you but does no damage.
You shoot a sling bullet.
The sling bullet barely misses the orc priest.
The adder bites you but does no damage. The orc priest misses you.
The adder bites you but does no damage. The orc priest barely misses you.
You shoot a sling bullet. The sling bullet hits the orc priest.
The orc priest is almost dead.
The adder closely misses you. The orc priest hits you with a +0 whip.
You shoot a sling bullet. The sling bullet hits the orc priest.
The orc priest is almost dead.
The adder bites you but does no damage. The orc priest closely misses you.
The adder bites you but does no damage.
You shoot a sling bullet.
The sling bullet closely misses the orc priest.
The adder bites you but does no damage.
The orc priest hits you but does no damage.
You shoot a sling bullet. The sling bullet hits the orc priest.
You kill the orc priest!
The adder bites you.
You die...

.........######.#.# #.# #.#
########..P.....#.#####.#### #.#
#.~~.....#..........####.#
#.~~~~......####.##......# ####
#.~~~~~...PP# #.#######.# ...#
###..~~~......# #.# #.# .#.#
#.............# #.# #.# ##.#
#.........).######.### #.#
##.###..........@S........# #.#
##...............#.###.##.#####.#
....##...........#.# #.##.......#
8.8............?...###.##.#######
..P.##.........#..........#
...###.........#####.###### ####
#.......<.# #.# #######.### #.#
#.#######.#


You could see an adder.

Vanquished Creatures
  An orc priest (D:2)
  2 adders (D:2)
  4 gnolls (D:2)
  2 adder zombies (D:2)
  2 dart slugs
  4 ball pythons
  A bat zombie (D:2)
  6 endoplasms
  3 giant cockroaches
  3 goblins
  8 hobgoblins
  A quokka (D:2)
  5 bats
  4 frilled lizards
  4 kobolds
  2 rats
52 creatures vanquished.

Notes
Turn   | Place    | Note
-------+----------+-------------------------------------------
     0 | D:1      | qw the Gargoyle Hexslinger began the quest for the Orb.
     0 | D:1      | Reached XP level 1. HP: 12/12 MP: 2/2
     0 | D:1      | 0 ||| qw: Version: 0.3-a-52-g30416fa
     0 | D:1      | 0 ||| qw: Game counter: 5884
     0 | D:1      | 0 ||| qw: Melee chars always use a shield: true
     0 | D:1      | 0 ||| qw: God list: Okawaru
     0 | D:1      | 0 ||| qw: Allow faded altars: false
     0 | D:1      | 0 ||| qw: Do Orc after clearing Dungeon:15 true
     0 | D:1      | 0 ||| qw: Do second Lair branch before Depths: true
     0 | D:1      | 0 ||| qw: Lair rune preference: random
     0 | D:1      | 0 ||| qw: Goals: Normal
     0 | D:1      | 0 ||| PLANNING D:1-11
    24 | D:1      | 24 ||| FLEEEEING.
    25 | D:1      | 25 ||| FLEEEEING.
    26 | D:1      | 26 ||| FLEEEEING.
    27 | D:1      | 27 ||| FLEEEEING.
    45 | D:1      | Reached XP level 2. HP: 16/16 MP: 3/3
    88 | D:1      | Found a faded altar of an unknown god.
   114 | D:1      | Reached skill level 3 in Ranged Weapons
   343 | D:1      | You fall into a shaft and drop 1 floor!
   379 | D:2      | Reached XP level 3. HP: 21/21 MP: 4/4
   404 | D:2      | 404 ||| UPGRADING to +0 pair of boots.
   409 | D:2      | 409 ||| UPGRADING to amulet of faith.
   414 | D:2      | 414 ||| READING 2 scrolls labelled ESSO QUMUGUCA.
   415 | D:2      | 415 ||| READING scroll labelled SAWAAM QANUHOA.
   415 | D:2      | Identified a scroll of acquirement
   415 | D:2      | 415 ||| ACQUIRING amulet "Zonuler" {Acrobat Harm Rampage
                  | rC++ Str-3}
   415 | D:2      | Acquired the amulet "Zonuler" {Acrobat Harm Rampage rC++
                  | Str-3}
   417 | D:2      | 417 ||| DROPPING scroll of blinking.
   418 | D:2      | 418 ||| DROPPING scroll of poison.
   590 | D:1      | 590 ||| UPGRADING to +2 pair of boots.
   600 | D:1      | 600 ||| DROPPING +0 pair of boots.
   743 | D:2      | Reached XP level 4. HP: 18/26 MP: 5/5
   749 | D:2      | Reached skill level 4 in Ranged Weapons
   756 | D:2      | 756 ||| FLEEEEING.
   757 | D:2      | 757 ||| FLEEEEING.
   758 | D:2      | 758 ||| FLEEEEING.
   759 | D:2      | 759 ||| FLEEEEING.
   760 | D:2      | 760 ||| FLEEEEING.
   761 | D:2      | 761 ||| FLEEEEING.
   762 | D:2      | 762 ||| FLEEEEING.
   763 | D:2      | 763 ||| FLEEEEING.
   764 | D:2      | 764 ||| FLEEEEING.
   765 | D:2      | 765 ||| FLEEEEING.
   766 | D:2      | 766 ||| FLEEEEING.
   767 | D:2      | 767 ||| FLEEEEING.
   768 | D:2      | 768 ||| FLEEEEING.
   769 | D:2      | 769 ||| FLEEEEING.
   770 | D:2      | 770 ||| FLEEEEING.
   771 | D:2      | 771 ||| FLEEEEING.
   772 | D:2      | 772 ||| FLEEEEING.
   773 | D:2      | 773 ||| FLEEEEING.
   774 | D:2      | 774 ||| FLEEEEING.
   775 | D:2      | 775 ||| FLEEEEING.
   776 | D:2      | 776 ||| FLEEEEING.
   777 | D:2      | 777 ||| FLEEEEING.
   778 | D:2      | 778 ||| FLEEEEING.
   779 | D:2      | 779 ||| FLEEEEING.
   780 | D:2      | 780 ||| FLEEEEING.
   781 | D:2      | 781 ||| FLEEEEING.
   782 | D:2      | 782 ||| FLEEEEING.
   783 | D:2      | 783 ||| FLEEEEING.
   784 | D:2      | 784 ||| FLEEEEING.
   785 | D:2      | 785 ||| FLEEEEING.
   786 | D:2      | 786 ||| FLEEEEING.
   787 | D:2      | 787 ||| FLEEEEING.
   788 | D:2      | 788 ||| FLEEEEING.
   789 | D:2      | 789 ||| FLEEEEING.
   790 | D:2      | 790 ||| FLEEEEING.
   791 | D:2      | 791 ||| FLEEEEING.
   792 | D:2      | 792 ||| FLEEEEING.
   793 | D:2      | 793 ||| FLEEEEING.
   794 | D:2      | 794 ||| FLEEEEING.
   795 | D:2      | 795 ||| FLEEEEING.
   796 | D:2      | 796 ||| STAIRDANCE
  1246 | D:2      | Reached XP level 5. HP: 30/30 MP: 6/6
  1300 | D:2      | 1300 ||| READING scroll labelled USAHIRO RI XOM.
  1351 | D:3      | 1351 ||| STAIRDANCE
  1355 | D:2      | HP: 7/30 [orc priest/+0 whip (3)]
  1360 | D:2      | HP: 3/30 [orc priest/+0 whip (3)]
  1366 | D:2      | Slain by an adder

Levels and vault maps discovered:
D:1:      evilmike_arrival_plus, layout_rooms, nicolae_ecumenical_snake_handling
D:2:      layout_loops_ring, serial_undead, serial_undead_b, serial_undead_e,
          serial_undead_c, serial_undead_f, serial_undead_d
D:3:      layout_rooms, dilly_guarded_unrand_throatcut

Skill      XL: |  1  2  3  4 |
---------------+-------------+-----
Ranged Weapons | 3 4 |  4.8
Fighting       | 2 |  2.0
Dodging        | |  1.5
Spellcasting   | |  1.0
Hexes          | |  2.6

Action                     |  1- 3 |  4- 6 || total
---------------------------+-------+-------++-------
   Fire: Sling             |    90 |    85 ||   175
    Use: Scroll            |     2 |     1 ||     3
 Armour: Robe              |    12 |    28 ||    40
  Dodge: Dodged            |    27 |    41 ||    68

Table legend:
 A = Non-vault XP
 B = Vault XP
 C = Vault XP percentage of total XP
 D = Non-vault monster count
 E = Vault monster count
 F = Vault count percentage of total count
                 A         B        C        D         E       F
            +---------+---------+-------+---------+---------+-------
      Total |     194 |      19 |   8.9 |      46 |       6 |  11.5
            +---------+---------+-------+---------+---------+-------
        D:1 |      38 |       5 |  11.6 |      22 |       3 |  12.0
        D:2 |     154 |      14 |   8.3 |      23 |       3 |  11.5
        D:3 |       2 |       0 |   0.0 |       1 |       0 |   0.0
            +---------+---------+-------+---------+---------+-------
